 Dungeon Crawl Stone Soup version 0.21.0 (webtiles) character file.

60 Hekarica the Shield-Bearer (level 4, -11/24 HPs)
             Began as a Vine Stalker Fighter on May 29, 2018.
             Mangled by an orc warrior
             ... wielding a +0 trident
              (13 damage)
             ... on level 3 of the Dungeon.
             The game lasted 00:03:55 (1673 turns).

Hekarica the Shield-Bearer (Vine Stalker Fighter)   Turns: 1673, Time: 00:03:56

Health: -11/24     AC:  7    Str: 20    XL:     4   Next: 6%
Magic:  0/5        EV:  7    Int:  8    God:
Gold:   53         SH:  9    Dex: 13    Spells: 3/3 levels left

rFire    . . .     SeeInvis .   a - +0 war axe
rCold    . . .     Gourm    .   l - +0 shield
rNeg     . . .     Faith    .   b - +0 scale mail
rPois    .         Spirit   +   (no helmet)
rElec    .         Reflect  .   (no cloak)
rCorr    .         Harm     .   g - +0 pair of gloves
MR       .....                  (no boots)
Stlth    ..........             (no amulet)
HPRegen  0.48/turn              (no ring)
MPRegen  0.09/turn              (no ring)

@: no status effects
A: fangs 2, regeneration 1, magic shield, antimagic bite, no potion heal 3, rot
immunity
a: no special abilities


You were on level 3 of the Dungeon.
You were not hungry.

You visited 1 branch of the dungeon, and saw 3 of its levels.

You collected 53 gold pieces.

Inventory:

Hand Weapons
 a - a +0 war axe (weapon)
Armour
 b - a +0 scale mail (worn)
 g - a +0 pair of gloves (worn)
 l - a +0 shield (worn)
Jewellery
 e - an uncursed ring of ice {unknown}
Scrolls
 h - a scroll of enchant armour {unknown}
 i - a scroll of identify {unknown}
Potions
 d - 2 potions of might
 j - 3 potions of brilliance {unknown}
 k - a potion of heal wounds {unknown}
Comestibles
 f - 4 rations


   Skills:
 + Level 3.1 Fighting
 + Level 2.4 Axes
 + Level 2.9 Armour
 + Level 3.2 Shields


You had 3 spell levels left.
You didn't know any spells.

Dungeon Overview and Level Annotations

Branches:
Dungeon (3/15)

Altars:
Uskayaw


Innate Abilities, Weirdness & Mutations

You have extremely sharp teeth.
Your natural rate of healing is unusually fast.
When hurt, damage is shared between your health and your magic reserves.
Your bite disrupts and absorbs the magic of your enemies.
Potions cannot restore your health.
You are immune to rotting.


Message History

The orc wizard hits you but does no damage.
You block the orc warrior's attack. The orc wizard barely misses you.
You barely miss the orc wizard.
The orc wizard is moderately wounded.
You barely miss the orc warrior.
The orc warrior hits you with a trident!
The orc wizard barely misses you.
You barely miss the orc wizard. Your bite misses the orc wizard.
The orc wizard is moderately wounded.
You hit the orc warrior but do no damage.
The orc warrior hits you with a trident!!
Ouch! That really hurt!
* * * LOW HITPOINT WARNING * * *
You block the orc wizard's attack. The orc wizard completely misses you.
You hit the orc warrior.
The orc warrior is lightly wounded.
You slash the orc wizard!
The orc warrior hits you with a trident!
Ouch! That really hurt!
You die...

... ###
o.. #<#
o.#####.#
.o#o....#
#o#@#####
#!#o#
#†#o#
#...#
#####


You could see an orc warrior, an orc wizard and an orc.

Vanquished Creatures
  An adder (D:2)
  An ooze (D:2)
  2 leopard geckos
  2 orcs
  A ball python (D:1)
  3 bats
  10 goblins
  7 jackals
  A quokka (D:2)
  2 frilled lizards
  5 kobolds
  4 rats (D:2)
39 creatures vanquished.

Notes
Turn   | Place    | Note
-------+----------+-------------------------------------------
     0 | D:1      | Hekarica the Vine Stalker Fighter began the quest for the Orb.
     0 | D:1      | Reached XP level 1. HP: 11/11 MP: 2/2
   137 | D:1      | Reached XP level 2. HP: 6/16 MP: 3/3
   983 | D:2      | Reached XP level 3. HP: 8/19 MP: 4/4
  1214 | D:2      | Noticed a dagger
  1215 | D:2      | Found a hide-covered altar of Uskayaw.
  1215 | D:2      | Noticed a dagger
  1656 | D:3      | Noticed an orc warrior
  1658 | D:3      | Gained mutation: Your natural rate of healing is unusually fast. [Vine Stalker growth]
  1658 | D:3      | Reached XP level 4. HP: 24/24 MP: 5/5
  1672 | D:3      | HP: 1/24 [orc warrior/trident (15)]
  1673 | D:3      | Mangled by an orc warrior

Skill      XL: |  1  2  3 |
---------------+----------+-----
Axes           | 2 |  2.4
Shields        | 3 |  3.2
Fighting       | 3 |  3.1
Armour         | |  2.9

Action                   |  1- 3 |  4- 6 || total
-------------------------+-------+-------++-------
Melee: War axe           |   115 |     7 ||   122
       Bite              |    32 |     2 ||    34
  Eat: Ration            |     1 |       ||     1
Armor: Scale mail        |    57 |     1 ||    58
Dodge: Dodged            |    40 |     6 ||    46
Block: Shield            |    64 |     4 ||    68
